 Dungeon Crawl Stone Soup version 0.16-a0-3636-gf0307c9 (console) character file.

512 MrRokkomies the Insei (level 7, 0/48 HPs)
             Began as an Octopode Transmuter on Jan 15, 2015.
             Was an Initiate of Ru.
             Slain by a giant frog (3 damage)
             ... on level 6 of the Dungeon.
             The game lasted 00:22:30 (5543 turns).

MrRokkomies the Insei (Octopode Transmuter)         Turns: 5543, Time: 00:22:30

Health: 0/48       AC:  1    Str:  9    XL:     7   Next: 19%
Magic:  12/12      EV: 11    Int: 18    God:    Ru [......]
Gold:   216        SH:  3    Dex: 12    Spells: 2 memorised, 6 levels left

rFire  + . .     SeeInvis .       - Unarmed
rCold  + . .     Clarity  .     w - +0 buckler
rNeg   . . .     SustAb   .     (helmet restricted)
rPois  +         Gourm    .     (no amulet)
rElec  +         Spirit   .     s - ring of teleportation (curse)
rCorr  +         Warding  .     (no ring)
rMut   .         Rnd*Tele +     (no ring)
MR     .....                    (no ring)
Stlth  +++++.....               (no ring)
                                (no ring)
                                (no ring)
                                (no ring)

@: resistant, not resistant to hostile enchantments, quite stealthy
A: almost no armour, amphibious, 8 rings, constrict 8, camouflage 1, gelatinous
body 1
a: Renounce Religion, Evoke Teleportation


You were on level 6 of the Dungeon.
You worshipped Ru.
Ru was noncommittal.
You were very hungry.

You visited 2 branches of the dungeon, and saw 7 of its levels.

You collected 216 gold pieces.

Inventory:

Missiles
 b - 61 arrows
 f - 21 stones (quivered)
Armour
 w - a +0 buckler (worn)
Rods
 x - a +1 lightning rod (10/10)
   (You found it on level 5 of the Dungeon)
Jewellery
 i - an uncursed amulet of stasis
 s - a cursed ring of teleportation (left tentacle)
Magical devices
 u - a wand of cold (4)
Scrolls
 o - 3 scrolls of magic mapping
 t - a scroll of immolation
 v - a scroll of amnesia
Potions
 c - 3 potions of restore abilities
 e - 2 potions of brilliance {unknown}
 g - 2 potions of resistance
 h - 2 potions of might
 j - 2 potions of lignification
 k - 5 potions of curing
 l - a potion of heal wounds {unknown}
 n - a potion of beneficial mutation {unknown}
 q - 3 potions of invisibility
 r - a potion of haste {unknown}
 B - a potion of agility {unknown}
Books
 d - a book of Changes

   Spells                             Type                      Level
   a - Beastly Appendage              Transmutation                1
   b - Sticks to Snakes               Transmutation                2
   c - Spider Form                    Transmutation/Poison         3
   d - Ice Form                       Ice/Transmutation            4
   e - Blade Hands                    Transmutation                5
Comestibles
 a - 4 bread rations
 m - 4 meat rations
 p - 2 royal jellies
 z - 2 fruits


   Skills:
 - Level 4.0 Fighting
 - Level 2.0 Dodging
 - Level 4.0 Stealth
 * Level 5.7 Unarmed Combat
 - Level 2.0 Spellcasting
 - Level 2.0 Transmutations
 * Level 2.4 Evocations


You had 6 spell levels left.
You knew the following spells:

 Your Spells              Type           Power        Failure   Level  Hunger
a - Beastly Appendage     Trmt           #.....       12%         1    #......
b - Spider Form           Trmt/Pois      #.........   41%         3    ###....


Dungeon Overview and Level Annotations

Branches:
Dungeon (6/15)             Temple (1/1) D:4

Altars:
Ashenzari
Dithmenos
Elyvilon
Fedhas
Gozag
Kikubaaqudgha
Makhleb
Nemelex Xobeh
Okawaru
Qazlal
Ru
Sif Muna
Trog
Vehumet
Xom
Yredelemnul
Zin
The Shining One

Shops:
D:5 :

Annotations:
D:5 Tyryt0's ghost, experienced DsFi


Innate Abilities, Weirdness & Mutations

You cannot wear most types of armour.
You are amphibious.
You can wear up to eight rings at the same time.
You can use your tentacles to constrict many enemies at once.
Your skin changes colour to match your surroundings (Stealth).
Your rubbery body absorbs attacks (AC +1).


Message History

You tentacle-slap the electric eel.
You squeeze the electric eel, but do no damage.
The electric eel is severely wounded.
You constrict the plant, but do no damage.
You constrict the electric eel.
The electric eel shoots out a bolt of lightning at you!
The bolt of electricity hits you! You resist.
* * * LOW HITPOINT WARNING * * *
The bolt of electricity hits you! You resist.
* * * LOW HITPOINT WARNING * * *
The bolt of electricity hits the electric eel.
The electric eel resists.
The giant frog hits you but does no damage.
You tentacle-slap the electric eel. You squeeze the electric eel.
You kill the electric eel!
You constrict the plant, but do no damage.
The giant frog hits you.
* * * LOW HITPOINT WARNING * * *
The giant frog hits you.
You die...

≈P ♣≈♣♣♣# ≈≈≈≈P♣##
♣PF♣≈## . ♣≈P@♣≈## ###.#
≈≈≈≈≈≈≈≈≈♣≈.# ####+#<...
≈≈≈P≈≈≈≈♣≈.####.........
≈≈≈≈♣≈PP≈...............
≈≈♣≈≈≈♣♣................
≈♣P #...............#
≈≈P# #...............#
♣# #[..............#
#........########
##........ #........#


You could see a giant frog.

Vanquished Creatures
  A phantom (D:5)
  An ogre (D:5)
  2 scorpions (D:4)
  An electric eel (D:6)
  2 hounds
  A worker ant (D:5)
  An iguana (D:5)
  A worker ant zombie (D:5)
  5 adders
  A worm (D:2)
  4 giant geckos
  2 oozes
  An orc (D:4)
  3 bats
  2 giant cockroaches
  4 hobgoblins
  2 jackals (D:4)
  7 kobolds
  3 ball pythons
  5 giant newts
  5 goblins (D:2)
  A jackal skeleton (D:5)
  10 rats
65 creatures vanquished.

Notes
Turn   | Place    | Note
--------------------------------------------------------------
     0 | D:1      | MrRokkomies, the Octopode Transmuter, began the quest for the Orb.
     0 | D:1      | Reached XP level 1. HP: 13/13 MP: 3/3
    45 | D:1      | Reached skill level 1 in Stealth
   239 | D:1      | Reached XP level 2. HP: 13/18 MP: 4/4
  1061 | D:2      | Reached XP level 3. HP: 23/23 MP: 6/6
  1066 | D:2      | Learned a level 3 spell: Spider Form
  2292 | D:3      | Reached XP level 4. HP: 26/29 MP: 7/7
  2354 | D:3      | Reached skill level 4 in Unarmed Combat
  2425 | D:3      | Found a shadowy altar of Dithmenos.
  2729 | D:4      | Reached XP level 5. HP: 10/35 MP: 9/9
  3024 | D:4      | Found a staircase to the Ecumenical Temple.
  3034 | Temple   | Entered the Ecumenical Temple
  3780 | D:5      | Entered Level 5 of the Dungeon
  3786 | D:5      | Noticed Tyryt0's ghost (experienced DsFi)
  3981 | D:5      | Reached XP level 6. HP: 31/42 MP: 8/10
  3996 | D:5      | Noticed an ogre
  4001 | D:5      | Killed an ogre
  4001 | D:5      | Reached skill level 5 in Unarmed Combat
  4224 | D:5      | Found Goczegil's Book Shop.
  4311 | D:5      | Found a deep blue altar of Sif Muna.
  4315 | D:5      | Found a sacrificial altar of Ru.
  4324 | D:5      | Became a worshipper of Ru the Awakened
  4329 | D:5      | Found a burning altar of Makhleb.
  4574 | D:5      | Found a stormy altar of Qazlal.
  4575 | D:5      | Found an iron altar of Okawaru.
  4601 | D:5      | Found a basalt altar of Yredelemnul.
  4901 | D:5      | HP: 1/43 [phantom (9)]
  4904 | D:5      | Reached skill level 1 in Evocations
  4904 | D:5      | Reached XP level 7. HP: 1/48 MP: 12/12
  5543 | D:6      | Slain by a giant frog

Action                   |  1- 3 |  4- 6 |  7- 9 || total
-------------------------+-------+-------+-------++-------
Melee: Unarmed           |    83 |   103 |    12 ||   198
Throw: Stone             |    13 |     4 |       ||    17
 Cast: Beastly Appendage |     3 |     6 |       ||     9
Evoke: Rod               |       |     4 |     1 ||     5
  Use: Scroll            |    11 |     5 |       ||    16
       Potion            |       |     2 |     1 ||     3
 Stab: Sleeping          |     8 |     4 |     1 ||    13
  Eat: Chunk             |     3 |     4 |       ||     7
       Meat ration       |       |     1 |       ||     1
       Pizza             |       |       |     1 ||     1
